 Dungeon Crawl Stone Soup version 0.31-a0-700-gf13585253f (webtiles) character file.

Game seed: 15725866101559104310

167 qw the Shooter (level 5, -7/32 HPs)
             Began as a Gargoyle Hunter on Sept 7, 2023.
             Mangled by Edmund
             ... wielding a +2 dire flail of protection
              (10 damage)
             ... on level 4 of the Dungeon.
             The game lasted 00:01:01 (2291 turns).

qw the Shooter (Gargoyle Hunter)                    Turns: 2291, Time: 00:01:02

Health: -7/32      AC: 11    Str: 11    XL:     5   Next: 48%
Magic:  5/5        EV: 11    Int:  4    God:
Gold:   118        SH:  0    Dex: 15    Spells: 4/4 levels left

rFire   + + +        Y - +0 shortbow
rCold   . . .        (shield currently unavailable)
rNeg    + . .        d - +3 leather armour of the Armoured One {rF+++ Str-4 Int-5 SInv}
rPois   inf          (no helmet)
rElec   +            (no cloak)
rCorr   .            (no gloves)
SInv    +            e - +0 pair of boots
Will    .....        (no amulet)
Stlth   ++           (no ring)
HPRegen 0.25/turn    (no ring)
MPRegen 0.09/turn

%: no passive effects
@: no status effects
A: sickness immunity, AC +4, negative energy resistance 1, electricity
resistance, torment resistance 1, petrification resistance
a: no special abilities


You were on level 4 of the Dungeon.
You visited 1 branch of the dungeon, and saw 4 of its levels.

You collected 205 gold pieces.
You spent 87 gold pieces at shops.


Innate Abilities, Weirdness & Mutations

You are immune to sickness and miasma.
Your stone body is resilient. (AC +4)
You are immune to poison.
You resist negative energy. (rN+)
You are resistant to electric shocks. (rElec)
You are resistant to unholy torment.
You are immune to petrification.


   Skills:
 + Level 3.3 Fighting
 - Level 6.0 Ranged Weapons
 - Level 1.2 Armour
 - Level 1.5 Dodging
 - Level 1.1 Stealth


You had 4 spell levels left.
You didn't know any spells.
Your spell library was empty.

Inventory:

Hand Weapons
 Y - a +0 shortbow (weapon)
Armour
 b - a +0 helmet
 d - the +3 leather armour of the Armoured One (worn) {rF+++ Str-4 Int-5 SInv}
   (You found it on level 2 of the Dungeon)

   Str-4:     It affects your strength (-4).
   Int-5:     It affects your intelligence (-5).
   rF+++:     It renders you almost immune to fire.
   SInv:      It lets you see invisible.
 e - a +0 pair of boots (worn)
Scrolls
 a - a scroll of identify
Potions
 c - a potion of haste
 f - a potion of might {unknown}
 g - a potion of curing {unknown}
 h - a potion of mutation {unknown}
 i - a potion of lignification {unknown}
 j - a potion of magic {unknown}

Dungeon Overview and Level Annotations

Branches:
Dungeon (4/15)
 Temple: D:4-7

Altars:

Shops:
D:2 *

Annotations:
D:4 Edmund


Message History

Edmund hits you with a +2 dire flail of protection.
You shoot an arrow.
The arrow hits Edmund but does no damage.
Edmund is lightly wounded.
Edmund hits you with a +2 dire flail of protection.
You shoot an arrow. The arrow completely misses Edmund.
Edmund hits you with a +2 dire flail of protection.
You shoot an arrow. The arrow hits Edmund.
Edmund is lightly wounded.
Edmund hits you with a +2 dire flail of protection.
You shoot an arrow.
The arrow hits Edmund but does no damage.
Edmund is lightly wounded.
Edmund closely misses you. Edmund misses you.
You shoot an arrow. The arrow barely misses Edmund.
Edmund barely misses you.
You shoot an arrow.
The arrow hits Edmund but does no damage.
Edmund is lightly wounded.
Edmund hits you with a +2 dire flail of protection.
You shoot an arrow. The arrow barely misses Edmund.
Edmund hits you but does no damage.
You shoot an arrow. The arrow hits Edmund!
Edmund is moderately wounded.
Edmund closely misses you.
You shoot an arrow. The arrow hits Edmund.
Edmund is moderately wounded.
Edmund barely misses you.
You shoot an arrow. The arrow hits Edmund.
Edmund is moderately wounded.
Edmund says, "People accused me of being a cutpurse!"
Edmund barely misses you.
You shoot an arrow.
The arrow hits Edmund but does no damage.
Edmund is moderately wounded.
Edmund hits you but does no damage. Edmund completely misses you.
You shoot an arrow. The arrow closely misses Edmund.
Edmund hits you with a +2 dire flail of protection!
You die...
Edmund says, "I'd like to see a scythe do that!"

#... .. #...# #+#
... #...##..##...
#...........# . ###
#..........#
..##..##...........
............@......
?..........@$......
..................#
..........######..#
.##......##..# .
#..##......#
######......#
#.......##+##
#.......# .##
##..##..+ ..#


You could see Edmund.

Vanquished Creatures
  An iguana (D:2)
  5 adders
  A worm (D:3)
  6 orcs (D:3)
  9 endoplasms
  5 giant cockroaches
  8 goblins
  8 hobgoblins
  4 jackals (D:1)
  7 kobolds
  3 ball pythons
  13 bats
  10 frilled lizards
  7 rats
87 creatures vanquished.

Notes
Turn   | Place    | Note
-------+----------+-------------------------------------------
     0 | D:1      | qw the Gargoyle Hunter began the quest for the Orb.
     0 | D:1      | Reached XP level 1. HP: 12/12 MP: 1/1
     0 | D:1      | 0 ||| qw: Version: 0.3-a-76-g4403597
     0 | D:1      | 0 ||| qw: Game counter: 493
     0 | D:1      | 0 ||| qw: Melee chars always use a shield: true
     0 | D:1      | 0 ||| qw: God list: Okawaru
     0 | D:1      | 0 ||| qw: Allow faded altars: false
     0 | D:1      | 0 ||| qw: Do Orc after clearing Dungeon:15 true
     0 | D:1      | 0 ||| qw: Do second Lair branch before Depths: true
     0 | D:1      | 0 ||| qw: Lair rune preference: random
     0 | D:1      | 0 ||| qw: Goals: Normal
     0 | D:1      | 0 ||| PLANNING D:1-11
    67 | D:1      | Reached XP level 2. HP: 17/17 MP: 2/2
   294 | D:1      | Reached XP level 3. HP: 21/21 MP: 3/3
   355 | D:1      | Reached skill level 5 in Ranged Weapons
   556 | D:1      | 556 ||| UPGRADING to +0 ring mail.
   566 | D:1      | 566 ||| DROPPING +0 leather armour.
   567 | D:1      | 567 ||| READING 3 scrolls labelled NAM ICUETI.
   568 | D:1      | 568 ||| DRINKING 2 bubbling orange potions.
   569 | D:1      | 569 ||| READING 2 scrolls of identify.
   569 | D:1      | 569 ||| IDENTIFYING sedimented inky potion
   570 | D:1      | 570 ||| DROPPING scroll of butterflies.
   571 | D:1      | 571 ||| DROPPING potion of berserk rage.
   572 | D:1      | 572 ||| DROPPING potion of attraction.
   625 | D:2      | Found Zapae's Assorted Antiques.
   644 | D:2      | Reached skill level 1 in Armour
   695 | D:2      | 695 ||| BUYING 2 scrolls labelled IGOL PACOFFOJ (60 gold).
   695 | D:2      | Bought 2 scrolls labelled IGOL PACOFFOJ for 60 gold pieces
   695 | D:2      | 695 ||| SHOPLISTING 2 yellow potions (54 gold, have 32).
   695 | D:2      | 695 ||| SHOPLISTING copper wand (120 gold, have 32).
   695 | D:2      | 695 ||| BUYING fuming dark potion (27 gold).
   695 | D:2      | Bought a fuming dark potion for 27 gold pieces
   695 | D:2      | 695 ||| SHOPLISTING green potion (27 gold, have 5).
   695 | D:2      | 695 ||| SHOPLISTING scroll of identify (60 gold, have 5).
   841 | D:2      | Identified the +3 leather armour of the Armoured One {rF+++
                  | Str-4 Int-5 SInv}
   867 | D:2      | Reached XP level 4. HP: 27/27 MP: 4/4
   944 | D:2      | Reached skill level 3 in Fighting
  1394 | D:2      | 1394 ||| UPGRADING to +3 leather armour of the Armoured One
                  | {rF+++ Str-4 Int-5 SInv}.
  1404 | D:2      | 1404 ||| UPGRADING to +0 pair of boots.
  1409 | D:2      | 1409 ||| DROPPING +0 ring mail.
  1410 | D:2      | 1410 ||| READING 2 scrolls labelled IGOL PACOFFOJ.
  1411 | D:2      | 1411 ||| DROPPING scroll of revelation.
  1519 | D:3      | Reached XP level 5. HP: 32/32 MP: 5/5
  1952 | D:3      | Found a faded altar of an unknown god.
  1982 | D:3      | Reached skill level 6 in Ranged Weapons
  2132 | D:3      | 2132 ||| READING scroll labelled VEBLAR RASOFA.
  2133 | D:3      | 2133 ||| READING scroll labelled OHONEN ERUA.
  2138 | D:3      | 2138 ||| READING scroll labelled QOHUAF XIAT.
  2139 | D:3      | 2139 ||| READING 2 scrolls of identify.
  2139 | D:3      | 2139 ||| IDENTIFYING fuming dark potion
  2268 | D:4      | Noticed Edmund
  2280 | D:4      | HP: 7/32 [Edmund/+2 dire flail of protection (4)]
  2282 | D:4      | HP: 2/32 [Edmund/+2 dire flail of protection (4)]
  2291 | D:4      | Mangled by Edmund

Levels and vault maps discovered:
D:1:      giann_bridges, layout_rooms, dk_noncrumbling_3
D:2:      layout_basic, serial_shops, shop_coins, eino_tiny_chamber,
          nicolae_houndstooth_variations
D:3:      layout_basic, hellmonk_ecumenical_altar_crossroads
D:4:      layout_gridville, nemelex_dance_club_becter, ebering_ghost_gozag,
          uniq_edmund

Skill      XL: |  1  2  3  4  5 |
---------------+----------------+-----
Ranged Weapons | 5 6 |  6.0
Armour         | 1 |  1.2
Fighting       | 3 |  3.3
Dodging        | |  1.5
Stealth        | |  1.1

Action                     |  1- 3 |  4- 6 || total
---------------------------+-------+-------++-------
   Fire: Shortbow          |   123 |   138 ||   261
    Use: Scroll            |     2 |     5 ||     7
         Potion            |     1 |       ||     1
 Armour: Ring mail         |    29 |     9 ||    38
         Leather armour    |    23 |    37 ||    60
  Dodge: Dodged            |    45 |    34 ||    79

Table legend:
 A = Non-vault XP
 B = Vault XP
 C = Vault XP percentage of total XP
 D = Non-vault monster count
 E = Vault monster count
 F = Vault count percentage of total count
                 A         B        C        D         E       F
            +---------+---------+-------+---------+---------+-------
      Total |     239 |       0 |   0.0 |      87 |       0 |   0.0
            +---------+---------+-------+---------+---------+-------
        D:1 |      55 |       0 |   0.0 |      34 |       0 |   0.0
        D:2 |      83 |       0 |   0.0 |      26 |       0 |   0.0
        D:3 |      86 |       0 |   0.0 |      25 |       0 |   0.0
        D:4 |      15 |       0 |   0.0 |       2 |       0 |   0.0
            +---------+---------+-------+---------+---------+-------
